 Dungeon Crawl Stone Soup version 0.31.0-32-g396128a36d (webtiles) character file.

Game seed: 8415515155242525403

898 spaghetti the Fighter (level 8, 0/127 HPs)
             Began as a Naga Chaos Knight on Mar 11, 2024.
             Was a Plaything of Xom.
             Slain by a gnoll
             ... wielding a +0 spear
             ... led by a gnoll sergeant
              (1 damage)
             ... on level 6 of the Dungeon.
             The game lasted 00:04:51 (4630 turns).

spaghetti the Fighter (Naga Chaos Knight)           Turns: 4630, Time: 00:04:51

Health: 0/127      AC: 24    Str: 15    XL:     8   Next: 7%
Magic:  7/7        EV:  1    Int: 18    God:    Xom [.*....]
Gold:   178        SH:  0    Dex: 10    Spells: 7/7 levels left

rFire   . . .        l - +7 short sword of Baidir {freeze, Int+3}
rCold   . . .        (no shield)
rNeg    . . .        b - melded +3 leather armour
rPois   +            m - melded +0 helmet
rElec   .            d - melded +0 cloak
rCorr   .            (gloves currently unavailable)
SInv    +            (no barding)
Will    +....        (no amulet)
Stlth   +            (no ring)
HPRegen 0.00/turn    (no ring)
MPRegen 0.10/turn

%: no passive effects
@: tree-form (expiring), on berserk cooldown, inhibited regen, slowed, very slow
A: stationary, stasis, torment immunity, boosted hp, AC +2, large, see
invisible, (deformed body), (poison resistance), (slowness 2), spit poison 1,
(naga tail 1), low MP 1, inhibited regeneration, persistent drain
a: Spit Poison, Renounce Religion


You were on level 6 of the Dungeon.
You worshipped Xom.
You were a plaything of Xom.
You were a tree.
You visited 1 branch of the dungeon, and saw 6 of its levels.

You collected 202 gold pieces.
You spent 24 gold pieces at shops.

Inventory:

Hand Weapons
 a - a +0 heavy spear
 l - the +7 short sword of Baidir (weapon) {freeze, Int+3}
   (You found it on level 3 of the Dungeon)

   Int+3:     It affects your intelligence (+3).
Missiles
 g - a throwing net
 i - 2 silver javelins
Armour
 b - a +3 leather armour (melded)
 d - a +0 cloak (melded)
 m - a +0 helmet (melded)
Jewellery
 q - a +6 ring of intelligence
Wands
 j - a wand of flame (7)
 n - a wand of paralysis (4)
Scrolls
 e - 4 scrolls of blinking
 f - 3 scrolls of enchant weapon
 r - 2 scrolls of identify
Potions
 k - a potion of degeneration
 p - a potion of mutation


   Skills:
 + Level 9.5 Fighting
 - Level 3.0 Polearms
 - Level 1.5 Armour
 - Level 0.7 Dodging


You had 7 spell levels left.
You didn't know any spells.
Your spell library contained the following spells:

 Spells                   Type           Power      Damage    Failure   Level
 Slow                     Hex            0%         N/A       22%         1
 Ensorcelled Hibernation  Hex/Ice        0%         N/A       32%         2
 Confusing Touch          Hex            0%         N/A       54%         3
 Fugue of the Fallen      Necr           0%         N/A       54%         3
 Gell's Gravitas          Tloc           0%         N/A       54%         3
 Sigil of Binding         Hex            0%         N/A       54%         3
 Teleport Other           Tloc           0%         N/A       54%         3
 Tukima's Dance           Hex            0%         N/A       54%         3
 Vampiric Draining        Necr           0%         2d6       54%         3
 Anguish                  Hex/Necr       0%         N/A       91%         4
 Dimensional Bullseye     Hex/Tloc       0%         N/A       91%         4
 Iskenderun's Mystic Bla  Conj/Tloc      0%         2d3       91%         4
 Passage of Golubria      Tloc           0%         N/A       91%         4
 Yara's Violent Unravell  Hex/Alch       0%         3d3       99%         5
 Dispersal                Tloc           0%         N/A       100%        6


Dungeon Overview and Level Annotations

Branches:
Dungeon (6/15)             Temple (0/1) D:4

Altars:
Uskayaw
Vehumet
The Shining One

Shops:
D:4 ?   D:5 [   D:6 (


Innate Abilities, Weirdness & Mutations

You are a tree.
Your roots penetrate the ground, keeping you stationary.
You cannot be teleported.
You are immune to unholy pain and torment.
Your maximum health is greatly increased.
Your equipment is partially melded.
((Your serpentine skin is tough. (AC +2)))
You have supernaturally acute eyesight. (SInv)
((Armour fits poorly on your strangely shaped body.))
((Your system is resistant to poisons. (rPois)))
((You cover ground very slowly.))
You can spit poison.
((You have a snake-like lower body.))
Your magical capacity is low. (-10% MP)
You do not regenerate when monsters are visible.
Your health recovers twice as slowly from being drained.


Message History

Okay, then.
Okay, then.
The +7 short sword of Baidir {freeze, Int+3} stops glowing.
a - a +0 heavy spear (weapon)
The gnoll hits you but does no damage.
Reach: a) +0 spear (heavy)
Press: ? - help, Dir - move target, f - gnoll
Aim: a gnoll, wielding a +0 spear (about 32% to evade your +0 heavy spear)
You could not reach far enough!
The gnoll hits you but does no damage. x2
Reach: a) +0 spear (heavy)
Press: ? - help, Dir - move target, f/p - gnoll
Aim: a gnoll, wielding a +0 spear (about 32% to evade your +0 heavy spear)
The ice beast is in the way.
You hit the ice beast.
The ice beast is lightly wounded.
The gnoll hits you but does no damage.
The ice beast hits you but does no damage.
The gnoll hits you but does no damage.
The ice beast hits you but does no damage.
You feel clever.
The +7 short sword of Baidir {freeze, Int+3} glows with a cold blue light!
l - the +7 short sword of Baidir (weapon)
{freeze, Int+3} The gnoll hits you from afar with a +0 spear.
* * * LOW HITPOINT WARNING * * *
The ice beast hits you but does no damage.
You barely miss the ice beast.
The ice beast is lightly wounded.
Xom plays with reality for a moment.
The gnoll resists with almost no effort.
The ice beast resists with almost no effort.
You are now a plaything of Xom.
Your butterfly disappears in a burst of colours!
The gnoll hits you but does no damage.
The ice beast hits you but does no damage.
You hit the ice beast but do no damage.
The ice beast is lightly wounded.
The gnoll hits you but does no damage.
The ice beast hits you but does no damage.
The gnoll hits you from afar with a +0 spear.
You die...
Xom titters!

#. ##.# ######### .......
...###.......# ..8....
#..#.#.....bb# .......
#..#.#..bb...# _..._..
#..#.#bbbb.b.### .......
#.........b..♣)# .......
#......bbbbbb#Y##.......
......#.....bbbb#g.........
......#......b..#b.........
......##......b.#.b..b.....
......##.#+##.###.b..b.....
###...##.# ##.# #..........
#...##.#.##.# #..........
#...##'#..#.# #..........


You could see an ice beast and a gnoll.

Vanquished Creatures
  4 ogres
  A gnoll sergeant (D:6)
  A scorpion (D:5)
  A bombardier beetle (D:5)
  A jelly (D:5)
  A hound (D:4)
  An iguana (D:5)
  A sleepcap (D:4)
  3 orc wizards
  3 adders
  9 gnolls
  A shadow imp (D:5)
  A white imp (D:6)
  5 dart slugs
  9 orcs
  3 ball pythons
  A bat (D:1)
  4 endoplasms
  6 giant cockroaches
  6 goblins
  7 hobgoblins
  3 jackals (D:4)
  A frilled lizard (D:1)
  A kobold (D:4)
  5 rats
79 creatures vanquished.

Notes
Turn   | Place    | Note
-------+----------+-------------------------------------------
     0 | D:1      | spaghetti the Naga Chaos Knight began the quest for the
                  | Orb.
     0 | D:1      | Reached XP level 1. HP: 21/21 MP: 1/1
    21 | D:1      | XOM: silly message
   137 | D:1      | Gained mutation: You do not regenerate when monsters are
                  | visible. [potion of mutation]
   137 | D:1      | Gained mutation: Your health recovers twice as slowly from
                  | being drained. [potion of mutation]
   137 | D:1      | Gained mutation: Your magical capacity is low. (-10% MP)
                  | [potion of mutation]
   212 | D:1      | Reached XP level 2. HP: 25/28 MP: 1/1
   246 | D:1      | XOM: cloud trail
   416 | D:1      | Found a faded altar of an unknown god.
   627 | D:1      | XOM: silly message
   699 | D:1      | Reached skill level 4 in Fighting
   849 | D:2      | XOM: noise
   876 | D:2      | Reached XP level 3. HP: 32/36 MP: 2/2
  1064 | D:2      | You fall into a shaft and drop 1 floor!
  1532 | D:2      | XOM: smoke on damage
  1534 | D:2      | XOM: potion effect (curing)
  1543 | D:2      | Reached XP level 4. HP: 12/45 MP: 3/3
  1850 | D:3      | Reached skill level 5 in Fighting
  1886 | D:3      | Identified the +7 short sword of Baidir {freeze, Int+3}
  2421 | D:4      | XOM: noise
  2486 | D:4      | Found Qevuoq's Magic Scroll Shop.
  2565 | D:4      | XOM: potion effect (berserk rage)
  2575 | D:4      | Reached XP level 5. HP: 52/52 MP: 4/4
  2610 | D:4      | Bought a scroll of identify for 24 gold pieces
  2690 | D:4      | XOM: noise
  2847 | D:4      | Found a staircase to the Ecumenical Temple.
  2859 | D:4      | Reached skill level 6 in Fighting
  3068 | D:4      | XOM: divination: detect creatures
  3309 | D:4      | XOM: cloud trail
  3547 | D:5      | XOM: stealth player
  3547 | D:5      | Entered Level 5 of the Dungeon
  3568 | D:5      | Found Bagex's Antique Armour Boutique.
  3568 | D:5      | Found Fesch's Armour Shoppe.
  3568 | D:5      | XOM: 3-stop teleportation journey
  3638 | D:5      | XOM: god gift: 2 silver javelins
  3703 | D:5      | XOM: god gift: bone wand {god gift}
  3747 | D:5      | XOM: scenery: summon butterflies
  3750 | D:5      | Reached XP level 6. HP: 50/63 MP: 5/5
  3820 | D:5      | Reached skill level 7 in Fighting
  3894 | D:5      | Found a hide-covered altar of Uskayaw.
  3902 | D:5      | XOM: divination: detect creatures
  4045 | D:5      | XOM: cloud trail
  4186 | D:5      | Reached XP level 7. HP: 73/73 MP: 6/6
  4189 | D:5      | XOM: summons friendly ufetubus
  4193 | D:5      | Reached skill level 8 in Fighting
  4493 | D:6      | Found Ganwi's Antique Weapon Shop.
  4598 | D:6      | Found a radiant altar of Vehumet.
  4599 | D:6      | Found a glowing golden altar of the Shining One.
  4612 | D:6      | Reached skill level 9 in Fighting
  4624 | D:6      | HP: 2/114 [gnoll/+0 spear[a gnoll sergeant] (6)]
  4625 | D:6      | Reached XP level 8. HP: 2/85 MP: 7/7
  4629 | D:6      | XOM: cast spell 'Cause Fear'
  4630 | D:6      | Slain by a gnoll

Illustrated notes

Levels and vault maps discovered:
D:1:      lemuel_arrival_funnel, layout_loops_cross,
          dilly_ecumenical_altar_fadedgnrine, minmay_pentomino_x2
D:2:      layout_basic
D:3:      layout_basic, grunt_ministairs_13
D:4:      layout_basic, minmay_temple_entry_sparse_star, nicolae_hexahallways,
          kennysheep_windowed_goal
D:5:      layout_cave_pools, nicolae_uskayaw_murder_on_the_dancefloor,
          nicolae_wooded_promenade
D:6:      layout_basic, grunt_temple_overflow_open, serial_shops,
          nicolae_stop_n_shop_2, nrook_pool_corridor, grunt_decor_fettered,
          chequers_serial_rivers_micro_d

Skill      XL: |  1  2  3  4  5  6  7 |
---------------+----------------------+-----
Fighting       | 4 5 6 7 9 |  9.5
Polearms       | |  3.0
Armour         | |  1.5
Dodging        | |  0.7

Action                     |  1- 3 |  4- 6 |  7- 9 || total
---------------------------+-------+-------+-------++-------
  Melee: Spear             |    80 |    22 |     1 ||   103
         Punch             |     1 |     4 |     1 ||     6
         Short sword       |       |   103 |    43 ||   146
Ability: Spit Poison       |     1 |     3 |     2 ||     6
    Use: Potion            |     2 |     5 |     6 ||    13
         Scroll            |     4 |     6 |     2 ||    12
   Stab: Sleeping          |       |     1 |       ||     1
 Armour: Leather armour    |    54 |    93 |    47 ||   194
         Skin              |       |     8 |    25 ||    33
  Dodge: Dodged            |    25 |    62 |    22 ||   109
